 Dungeon Crawl Stone Soup version 0.31.0-11-ge490571c62 (webtiles) character file.

Game seed: 6296599612266600543

144 Killerpretzel the Changeling (level 5, -3/34 HPs)
             Began as an Octopode Shapeshifter on Feb 9, 2024.
             Incinerated by a bombardier beetle (5 damage)
             ... with a burning spray
             ... on level 3 of the Dungeon.
             The game lasted 00:05:41 (1888 turns).

Killerpretzel the Changeling (OpSh)                 Turns: 1888, Time: 00:05:41

Health: -3/34      AC:  1    Str: 13    XL:     5   Next: 26%
Magic:  5/5        EV: 14    Int: 12    God:
Gold:   110        SH:  0    Dex: 14    Spells: 4/4 levels left

rFire   . . .        g - +1 short sword
rCold   . . .        (no shield)
rNeg    . . .        (helmet currently unavailable)
rPois   .            (no amulet)
rElec   .            (no ring)
rCorr   .            (no ring)
SInv    .            (no ring)
Will    .....        (no ring)
Stlth   +            (no ring)
HPRegen 0.25/turn    (no ring)
MPRegen 0.09/turn    (no ring)
                     (no ring)

%: no passive effects
@: on fire, beast-form, glowing
A: beast (slay +2), almost no armour, amphibious, 8 rings, camouflage 1,
gelatinous body 1, (nimble swimmer 1), tentacles
a: Begin Untransformation


You were on level 3 of the Dungeon.
You were a hulking beast.
You visited 1 branch of the dungeon, and saw 3 of its levels.

You collected 110 gold pieces.

Inventory:

Hand Weapons
 g - a +1 short sword (weapon)
Missiles
 h - 2 throwing nets (quivered)
Jewellery
 i - a ring of ice
Talismans
 b - a beast talisman
 c - a flux talisman
Potions
 a - a potion of lignification
 d - a potion of invisibility
 e - a potion of haste {unknown}
 f - a potion of enlightenment {unknown}


   Skills:
 + Level 2.2 Fighting
 + Level 2.9 Dodging
 + Level 3.6 Unarmed Combat
 * Level 4.1 Shapeshifting


You had 4 spell levels left.
You didn't know any spells.
Your spell library was empty.

Dungeon Overview and Level Annotations

Branches:
Dungeon (3/15)

Altars:
Makhleb


Innate Abilities, Weirdness & Mutations

You are a hulking beast.
Your limbs bulge with bestial killing power. (Slay +2)
You cannot wear most types of armour.
You are amphibious.
You can wear up to eight rings at the same time.
Your skin changes colour to match your surroundings (Stealth+).
Your rubbery body absorbs attacks. (AC +1, EV +1)
((You are camouflaged when in or above water. (Stealth+)))
You have tentacles for arms and can constrict up to eight enemies at once.


Message History

The burning spray hits you.
You are covered in liquid fire!
The ball python hisses angrily.
You are on fire!
You shake off some of the fire as you move.
The liquid fire burns you! The ball python barely misses you.
The ball python grabs you. The ball python constricts you.
You are on fire!
You hit the ball python.
You kill the ball python!
The liquid fire burns you!
The bombardier beetle sprays incendiary fluid at you.
The burning spray hits you.
You are even more covered in liquid fire!
You are on fire!
You shake off some of the fire as you move.
The liquid fire burns you!
You are on fire!
You shake off some of the fire as you move.
The liquid fire burns you!
The bombardier beetle sprays incendiary fluid at you.
The burning spray misses you.
You are on fire!
You are too injured to fight recklessly!
You are on fire!
You completely miss the bombardier beetle.
Your grab misses the bombardier beetle. The liquid fire burns you!
* * * LOW HITPOINT WARNING * * *
The bombardier beetle closely misses you.
You puncture the bombardier beetle! You grab the bombardier beetle.
The bombardier beetle is moderately wounded.
The liquid fire burns you!
* * * LOW HITPOINT WARNING * * *
You constrict the bombardier beetle.
You release your grip on the bombardier beetle.
You shake off some of the fire as you move.
The liquid fire burns you!
You die...

..# ... ..# ### ####
#.# #.. ..###.## #.
#.#####.#....
#.###.....:.#.#.###.#
#....h.......#..##.###
#.#......##.#.##.##....
#.B....##............
#.........#..........
#.....###.#.##<.#.##.
###.>.. ..#.....#.##.
#######.#..##.#.##.
#.#..##.#.##.
#.........#..


You could see a bombardier beetle.

Vanquished Creatures
  6 gnolls
  3 adders
  A dart slug (D:1)
  5 ball pythons
  10 endoplasms
  6 goblins
  6 hobgoblins
  7 kobolds
  6 bats
  2 frilled lizards (D:1)
  6 rats (D:1)
58 creatures vanquished.

Notes
Turn   | Place    | Note
-------+----------+-------------------------------------------
     0 | D:1      | Killerpretzel the Octopode Shapeshifter began the quest for
                  | the Orb.
     0 | D:1      | Reached XP level 1. HP: 13/13 MP: 1/1
    52 | D:1      | Reached XP level 2. HP: 18/18 MP: 2/2
   225 | D:1      | Reached XP level 3. HP: 23/23 MP: 3/3
   960 | D:2      | Reached XP level 4. HP: 17/29 MP: 4/4
  1500 | D:2      | Reached skill level 4 in Shapeshifting
  1538 | D:2      | Reached XP level 5. HP: 25/34 MP: 5/5
  1784 | D:3      | Found a burning altar of Makhleb.
  1784 | D:3      | Noticed a green death
  1787 | D:3      | Noticed an orange demon
  1787 | D:3      | Noticed a smoke demon
  1888 | D:3      | Incinerated by a bombardier beetle

Illustrated notes

Levels and vault maps discovered:
D:1:      zaba_arrival_water, layout_basic
D:2:      layout_rooms, minmay_misc_feat_plants
D:3:      layout_loops_cross, makhleb_altar_promises_db, portal_sewer_entry_b,
          uniq_terence

Skill      XL: |  1  2  3  4 |
---------------+-------------+-----
Fighting       | 2 |  2.2
Shapeshifting  | 4 |  4.1
Dodging        | |  2.9
Unarmed Combat | |  3.6

Action                     |  1- 3 |  4- 6 || total
---------------------------+-------+-------++-------
  Melee: Unarmed           |    40 |       ||    40
         Constrict         |    16 |    13 ||    29
         Tentacles         |    10 |    13 ||    23
         Short sword       |    18 |    47 ||    65
         Punch             |     2 |     1 ||     3
    Use: Scroll            |       |     3 ||     3
   Stab: Sleeping          |     5 |     3 ||     8
 Armour: Skin              |    26 |    22 ||    48
  Dodge: Dodged            |    33 |    39 ||    72
